 Dungeon Crawl Stone Soup version 0.27-a0-40-g5f2be0e231 (webtiles) character file.

Game seed: 10913590230658687898

11596 Borgoz the Grappler (level 11, -3/101 HPs)
             Began as a Ghoul Gladiator on Jan 6, 2021.
             Was a High Priest of Okawaru.
             Slain by a boulder beetle (24 damage)
             ... on level 12 of the Dungeon.
             The game lasted 00:12:04 (11565 turns).

Borgoz the Grappler (Ghoul Gladiator)              Turns: 11565, Time: 00:12:05

Health: -3/101     AC:  9    Str: 23    XL:     11   Next: 80%
Magic:  13/13      EV: 20    Int:  3    God:    Okawaru [*****.]
Gold:   692        SH:  0    Dex: 13    Spells: 10/10 levels left

rFire    . . .     SeeInvis .     - Unarmed
rCold    + . .     Faith    .   (no shield)
rNeg     + + +     Spirit   .   B - +0 ring mail
rPois    ∞         Reflect  .   b - +1 helmet
rElec    .         Harm     .   r - scarf {+Inv}
rCorr    .         Rampage  .   (no gloves)
Will     .....                  u - +0 pair of boots
Stlth    +.........             (no amulet)
HPRegen  0.00/turn              d - ring of Balance {EV+4 Str+4 Slay+5}
MPRegen  0.13/turn              s - +4 ring of slaying

@: very slightly contaminated, invisible
A: claws 1, cold resistance 1, negative energy resistance 3, inhibited
regeneration, torment resistance, unbreathing
a: Renounce Religion, Evoke Invisibility, Heroism, Finesse


You were on level 12 of the Dungeon.
You worshipped Okawaru.
Okawaru was extremely pleased with you.
You visited 1 branch of the dungeon, and saw 12 of its levels.

You collected 747 gold pieces.
You spent 55 gold pieces at shops.

Inventory:

Missiles
 c - 2 throwing nets (quivered)
Armour
 b - a +1 helmet (worn)
 n - a +2 pair of gloves
 r - a scarf of invisibility (worn)
 u - a +0 pair of boots (worn)
 v - a +0 kite shield
 B - a +0 ring mail (worn)
Jewellery
 d - the ring of Balance (left claw) {EV+4 Str+4 Slay+5}
   (You acquired it on level 8 of the Dungeon)

   [ring of evasion]

   It affects your evasion (+4).
   It affects your strength (+4).
   It affects your accuracy and damage with ranged weapons and melee attacks
   (+5).
 s - a +4 ring of slaying (right claw)
Wands
 a - a wand of acid (3)
 f - a wand of enslavement (10)
 g - a wand of iceblast (29)
 o - a wand of digging (4)
 A - a wand of paralysis (12)
Scrolls
 e - 4 scrolls of amnesia
 h - 8 scrolls of teleportation
 j - 13 scrolls of remove curse
 k - 2 scrolls of enchant weapon
 m - 2 scrolls of fog
 p - 3 scrolls of enchant armour
 t - a scroll of magic mapping
 y - a scroll of blinking
Potions
 i - a potion of heal wounds
 l - 3 potions of curing
 q - 2 potions of flight
 x - a potion of resistance
 z - 2 potions of magic
 C - a potion of invisibility
 D - 2 potions of brilliance


   Skills:
 + Level 10.6 Fighting
 - Level 1.7 Throwing
 + Level 5.0 Armour
 + Level 9.3 Dodging
 + Level 2.5 Stealth
 + Level 11.0 Unarmed Combat
 - Level 5.0 Invocations
 + Level 1.7 Evocations


You had 10 spell levels left.
You didn't know any spells.
Your spell library contained the following spells:

 Spells                   Type           Power        Failure   Level
 Mephitic Cloud           Conj/Pois/Air  0%           95%         3
 Petrify                  Tmut/Erth      0%           100%        4
 Irradiate                Conj/Tmut      0%           100%        5
 Orb of Destruction       Conj           0%           100%        7
 Beastly Appendage        Tmut           Unusable     N/A         1
 Wereblood                Tmut           Unusable     N/A         2
 Spider Form              Tmut/Pois      Unusable     N/A         3
 Ice Form                 Ice/Tmut       Unusable     N/A         4
 Blade Hands              Tmut           Unusable     N/A         5

Dungeon Overview and Level Annotations

Branches:
Dungeon (12/15)            Temple (0/1) D:5            Lair (0/6) D:9
    Orc (0/2) D:12

Altars:
Ashenzari
Dithmenos
Elyvilon
Hepliaklqana
Nemelex Xobeh
Okawaru
Ru
Trog
Uskayaw
Vehumet
Wu Jian
Zin
The Shining One

Shops:
D:7 *   D:10 (

Portals:
Trove: D:10 (show slimy rune of Zot)


Innate Abilities, Weirdness & Mutations

You thrive by killing the living.
You are immune to poison.
You have sharp fingernails.
Your flesh is cold resistant. (rC+)
You are immune to negative energy. (rN+++)
You do not regenerate when monsters are visible.
You are immune to unholy pain and torment.
You can survive without breathing.


Message History

The boulder beetle is moderately wounded.
The boulder beetle bites you!!
* * * LOW HITPOINT WARNING * * *
You feel much better. The boulder beetle bites you!
* * * LOW HITPOINT WARNING * * *
You fade into invisibility!
The boulder beetle bites you!
* * * LOW HITPOINT WARNING * * *
You are very lightly contaminated with residual magic.
You feel much better.
The boulder beetle completely misses you.
You mangle the boulder beetle!!
The boulder beetle is heavily wounded.
The boulder beetle misses you.
You mangle the boulder beetle!!
The boulder beetle is almost dead.
You scratch the boulder beetle but do no damage.
The boulder beetle is almost dead.
The boulder beetle bites you!!
You die...

,* *,* #..# ,* *,* ###'######*
+**** **#+####### #.........#
,,,,****,........# ###......$..#
,,,,+,**,........# ##.'.........#
,,,,*,**,........###..#.........#
,,,,*,,*,........#...##.........#
******,+,.......B'.#####+########
***,.......@### *,* *,........#
*,** **######+## *,,* *,,,,,,*
**,* ****,****** ***+*******
*,,,,,,,,,* *****,,,,,,,,,,
*,,,,,,,,,***,,,+,,,,,,,,,,
*,,,,,,,,,,,,,,,,,,,,,,,,,,
*,,,,,,,,≈≈≈≈≈≈≈,,,,,,,>,,,


You could see a boulder beetle.

Vanquished Creatures
  A centaur warrior (D:11)
  A two-headed ogre (D:10)
  A manticore (D:11)
  A cyclops (D:12)
  An ugly thing (D:11)
  Maurice (D:9)
  A komodo dragon (D:9)
  A guardian mummy (D:10)
  3 trolls
  A hornet (D:12)
  Sigmund (D:6)
  Grum (D:9)
  10 yaks
  A water moccasin (D:9)
  2 ice beasts (D:8)
  7 orc warriors
  3 black bears
  4 wolves (D:9)
  An ogre (D:11)
  5 phantoms
  4 centaurs
  3 big kobolds
  8 bullfrogs
  4 scorpions
  6 killer bees (D:8)
  9 wights
  A howler monkey (D:8)
  A bullfrog zombie (D:12)
  3 centaur zombies
  3 jellies
  4 hounds
  6 orc priests
  A bullfrog skeleton (D:8)
  14 orc wizards
  2 iguanas
  6 worker ants
  A hound zombie (D:9)
  2 hound skeletons
  A howler monkey zombie (D:7)
  9 gnolls
  8 adders
  3 shadow imps
  3 white imps
  2 ufetubi
  An adder zombie (D:8)
  An ooze (D:1)
  An adder skeleton (D:10)
  2 worms
  4 dart slugs
  3 leopard geckos
  38 orcs
  A ball python (D:2)
  10 bats
  8 giant cockroaches
  10 goblins
  2 hobgoblins
  9 jackals
  20 kobolds
  4 quokkas
  2 frilled lizards (D:3)
  A leopard gecko skeleton (D:4)
  A leopard gecko zombie (D:5)
  A quokka skeleton (D:5)
  7 rats
277 creatures vanquished.

Vanquished Creatures (others)
  2 orcs (D:8)
  12 fungi (D:9)
  14 plants (D:9)
28 creatures vanquished.

Grand Total: 305 creatures vanquished

Notes
Turn   | Place    | Note
-------+----------+-------------------------------------------
     0 | D:1      | Borgoz the Ghoul Gladiator began the quest for the Orb.
     0 | D:1      | Reached XP level 1. HP: 17/17 MP: 0/0
    69 | D:1      | Reached XP level 2. HP: 19/25 MP: 1/1
   371 | D:1      | You fall into a shaft and drop 1 floor!
   383 | D:2      | Reached XP level 3. HP: 30/30 MP: 2/2
   390 | D:2      | Found a faded altar of an unknown god.
   788 | D:1      | Reached skill level 4 in Unarmed Combat
  1138 | D:2      | Reached XP level 4. HP: 38/38 MP: 3/3
  1826 | D:3      | Found a bloodstained altar of Trog.
  2011 | D:3      | Found a radiant altar of Vehumet.
  2280 | D:3      | Reached XP level 5. HP: 31/45 MP: 4/4
  2924 | D:4      | Reached XP level 6. HP: 47/52 MP: 5/5
  3059 | D:4      | Reached skill level 5 in Unarmed Combat
  3437 | D:5      | Entered Level 5 of the Dungeon
  3680 | D:5      | Found a staircase to the Ecumenical Temple.
  3770 | D:5      | Noticed a phantom
  3796 | D:5      | Killed a phantom
  3797 | D:5      | Reached XP level 7. HP: 35/60 MP: 6/6
  4167 | D:5      | Identified the Catalogue of Damaging Earth
  4306 | D:5      | Reached skill level 5 in Fighting
  4482 | D:5      | Found a sparkling altar of Nemelex Xobeh.
  4482 | D:5      | Found a faded altar of an unknown god.
  4489 | D:5      | Found a faded altar of an unknown god.
  4491 | D:5      | Found a hide-covered altar of Uskayaw.
  4492 | D:5      | Found a shadowy altar of Dithmenos.
  4558 | D:5      | Reached skill level 6 in Unarmed Combat
  4682 | D:6      | Reached skill level 5 in Dodging
  4683 | D:6      | Noticed Sigmund
  4757 | D:6      | Killed Sigmund
  4758 | D:6      | Reached XP level 8. HP: 65/70 MP: 7/7
  5071 | D:6      | Found an iron altar of Okawaru.
  5079 | D:6      | Became a worshipper of Warmaster Okawaru
  5206 | D:6      | Found a white marble altar of Elyvilon.
  5316 | D:6      | Found a sacrificial altar of Ru.
  5403 | D:6      | Reached skill level 7 in Unarmed Combat
  5682 | D:6      | Reached * piety under Okawaru
  6242 | D:7      | Found Yceoj's Hallowed Reliquary.
  6243 | D:7      | Found a glowing golden altar of the Shining One.
  6245 | D:7      | Noticed an angel
  6248 | D:7      | Bought a potion of heal wounds for 55 gold pieces
  7023 | D:8      | Reached XP level 9. HP: 75/79 MP: 8/8
  7043 | D:8      | Reached skill level 8 in Unarmed Combat
  7081 | D:8      | Found a broken altar of Ashenzari.
  7252 | D:8      | Reached ** piety under Okawaru
  7520 | D:8      | Identified a scroll of acquirement
  7520 | D:8      | Acquired the ring of Balance {EV+4 Str+4 Slay+5}
  7604 | D:8      | Found a glowing golden altar of the Shining One.
  7744 | D:8      | Paralysed by an orc warrior for 5 turns
  7755 | D:8      | Reached skill level 9 in Unarmed Combat
  8318 | D:9      | Found a glowing silver altar of Zin.
  8328 | D:9      | Reached *** piety under Okawaru
  8353 | D:9      | Reached skill level 1 in Invocations
  8355 | D:9      | Received a gift from Okawaru
  8356 | D:9      | Reached skill level 1 in Armour
  8356 | D:9      | Reached XP level 10. HP: 90/90 MP: 9/9
  8388 | D:9      | Found a staircase to the Lair.
  8629 | D:9      | Noticed Grum
  8648 | D:9      | Killed Grum
  8648 | D:9      | Received a gift from Okawaru
  8807 | D:9      | Noticed Maurice
  8809 | D:9      | Found an ornate altar of the Wu Jian Council.
  8815 | D:9      | Killed Maurice
  8956 | D:9      | Reached **** piety under Okawaru
  9158 | D:9      | Reached skill level 10 in Unarmed Combat
  9290 | D:9      | Found a hazy altar of Hepliaklqana.
  9378 | D:10     | Entered Level 10 of the Dungeon
  9378 | D:10     | Found Vyafacuh's Antique Weapon Shop.
  9524 | D:10     | Reached XP level 11. HP: 94/99 MP: 13/13
  9546 | D:10     | Noticed a two-headed ogre
  9555 | D:10     | Killed a two-headed ogre
  9555 | D:10     | Reached ***** piety under Okawaru
  9555 | D:10     | Received a gift from Okawaru
  9556 | D:10     | Reached skill level 10 in Fighting
  9649 | D:10     | Found a portal to a secret trove of treasure.
  9785 | D:10     | Reached skill level 5 in Invocations
 10311 | D:11     | Noticed a centaur warrior
 10322 | D:11     | Killed a centaur warrior
 10673 | D:11     | Noticed a manticore
 10684 | D:11     | Killed a manticore
 10685 | D:11     | Reached skill level 1 in Stealth
 10833 | D:11     | Reached skill level 1 in Evocations
 11091 | D:11     | Noticed a red ugly thing
 11101 | D:11     | Killed a red ugly thing
 11402 | D:12     | Reached skill level 5 in Armour
 11423 | D:12     | Noticed a cyclops
 11425 | D:12     | Killed a cyclops
 11425 | D:12     | Received a gift from Okawaru
 11429 | D:12     | Reached skill level 11 in Unarmed Combat
 11494 | D:12     | Noticed a boulder beetle
 11559 | D:12     | HP: 2/101 [boulder beetle (22)]
 11565 | D:12     | Slain by a boulder beetle

Illustrated notes

Levels and vault maps discovered:
D:1:      evilmike_arrival_crescent, layout_basic
D:2:      layout_basic, chequers_ecumenical_altar_simple_redux,
          kennysheep_crisscross
D:3:      layout_loops_ring, vehumet_crystals, minmay_misc_feat_ornament,
          trog_three_pillars_becter
D:4:      layout_basic
D:5:      layout_cave_pools, chequers_temple_overflow_minitemple,
          minmay_temple_entry_large_hall
D:6:      layout_loops_corners, nicolae_ru_great_annihilating_truth,
          lemuel_doored_altar, kennysheep_little_box,
          chequers_serial_rivers_small_b, uniq_sigmund
D:7:      layout_loops_cross, nicolae_good_shop
D:8:      layout_loops_ring, ashenzari_conservatory_becter,
          kennysheep_mini_moat, kennysheep_generic_room_5
D:9:      layout_roguey, lemuel_round_altar, old_standard_altar,
          kennysheep_mini, due_lair_maze_entry_diamond, uniq_grum, uniq_maurice
D:10:     layout_roguey, serial_shops, shop, nicolae_trove_entry_path_of_doom
D:11:     layout_irregular_city
D:12:     layout_roguey, erik_orc_1, enter_bailey_3

Skill      XL: |  1  2  3  4  5  6  7  8  9 10 11 |
---------------+----------------------------------+-----
Dodging        | 3 4 5 6 7 8 9 |  9.3
Fighting       | 3 4 5 7 8 9 10 | 10.6
Unarmed Combat | 4 5 6 7 9 10 11 | 11.0
Invocations    | 1 4 5 |  5.0
Armour         | 1 3 5 |  5.0
Stealth        | 2 |  2.5
Evocations     | 1 |  1.7
Throwing       | |  1.7

Action                   |  1- 3 |  4- 6 |  7- 9 | 10-12 || total
-------------------------+-------+-------+-------+-------++-------
Melee: Unarmed           |   104 |   217 |   372 |   322 ||  1015
       Punch             |     1 |     4 |     9 |    18 ||    32
Throw: Throwing net      |       |     1 |     1 |       ||     2
Invok: Heroism           |       |       |       |     2 ||     2
  Use: Scroll            |       |     5 |     8 |     7 ||    20
       Potion            |       |       |     3 |     3 ||     6
 Stab: Distracted        |       |     1 |       |       ||     1
       Held in net/web   |       |       |     2 |       ||     2
Armor: Leather armour    |    39 |    65 |    64 |     6 ||   174
       Ring mail         |       |       |       |    43 ||    43
Dodge: Dodged            |    58 |   126 |   313 |   297 ||   794

Table legend: (Time is in decaauts)
 A = Elapsed time spent in this place.
 B = Non-inter-level travel time spent in this place.
 C = Inter-level travel time spent in this place.
 D = Time resting spent in this place.
 E = Time spent auto-exploring this place.
 F = Levels seen in this place.
 G = Mean time per level.
                   A        B        C        D        E       F      G
               +--------+--------+--------+--------+--------+-----+--------+
         Total |  11437 |  11084 |    353 |   2287 |   6994 |  12 |  953.1 |
       Dungeon |  11437 |  11084 |    353 |   2287 |   6994 |  12 |  953.1 |
               +--------+--------+--------+--------+--------+-----+--------+

Top non-repeatable levels by time:
     D:5: 1290 daAuts
     D:8: 1287 daAuts
    D:11: 1159 daAuts
     D:6: 1109 daAuts
     D:7: 1103 daAuts
     D:4: 1079 daAuts
     D:9: 1068 daAuts
     D:1: 940 daAuts
    D:10: 829 daAuts
     D:3: 825 daAuts
     D:2: 582 daAuts
    D:12: 162 daAuts
